← All builds
Suicide front / Armada / Factory first / OBSERVED BUILD

Standard suicide front

Armada Suicide front build order · Supreme Isthmus

The role's baseline: Bot Lab at 0:21 then straight into reclaim-fed T1 bot production to contest the middle and hold until T2 arrives, with an Advanced Metal Extractor around 9:45.

#rush · 2007 distinct matches · 229 players · 72% of Armada Suicide front games · team won 59% of 2381 · Recently observed

HOW TO PLAY IT

Key timing: Bot Lab by 0:20

  1. Open with mex and lab-first to get Bot Lab up by 0:20.
  2. Expand mex and wind while lab pumps units toward middle.
  3. Push Sentry and early Rocketeer, Centurion to contest middle.
  4. Get T2 constructor out once Pond's boost lets you spare metal.
  5. Upgrade mex to Advanced Metal Extractor as you transition off T1 spam.

Phase by phase

TYPICAL OF ITS 2007 GAMES
  1. 1
  2. 2
  3. 3
PLAY THE OPENING

Follow the example game's first 6:00 step by step: what to build now, what comes next, and where it goes. At 1× it keeps pace with your own game.

  1. 1

    Bot Lab first

    Order
    1. Bot LabBot Lab done ~0:21, middle half 0:20–0:33

    Some games also: mex (44%)

  2. 2

    Bot Lab to 5:00

    Economy
    • Metal Extractor5Mex
    • Wind Turbine4Wind
    Builders
    • Construction Bot3 Con bot
    • Lazarus2 Lazarus
    Army
    • Sentry4 Sentry
    • Rocketeer16 Rocketeer
    • Tick2 Tick
    • Centurion1 Centurion
    Other
    • Radar Tower1 Radar Tower

    Some games also: pawn (38%) · con turret (34%)

    By 5:00 in all: 5 mex · 4 wind

    The example game in this phase · 19 steps
    1. Construction BotCon bot
    2. Mex
    3. TickTick ×2
    4. SentrySentry
    5. TickTick ×3
    6. LazarusLazarus
    7. Construction BotCon bot ×2
    8. CenturionCenturion ×2
    9. SentrySentry
    10. Mex
    11. RocketeerRocketeer
    12. SentrySentry
    13. RocketeerRocketeer ×2
    14. Mex
    15. RocketeerRocketeer ×12
    16. Construction BotCon bot
    17. RocketeerRocketeer ×3
    18. Solar
    19. RocketeerRocketeer
  3. 3

    5:00 to 10:00

    Economy
    • Metal Extractor1Mex
    • Wind Turbine15Wind
    Builders
    • Construction Turret2 Con turret
    • Lazarus2 Lazarus
    • Construction Bot1 Con bot
    Army
    • Sentry1 Sentry
    • Rocketeer8 Rocketeer

    Some games also: pawn (49%) · Radar Tower (46%) · tick (45%) · centurion (44%) · energy storage (43%) · eat Bot Lab (31%)

    By 10:00 in all: 6 mex · 21 wind · 1 energy storage · 2 con turret

    The example game in this phase · 92 steps
    1. RocketeerRocketeer
    2. Construction BotCon bot
    3. RocketeerRocketeer ×5
    4. LazarusLazarus ×2
    5. RocketeerRocketeer ×2
    6. Sneaky PeteSneaky Pete
    7. RocketeerRocketeer ×3
    8. LazarusLazarus ×2
    9. RocketeerRocketeer
    10. Construction BotCon bot
    11. Wind
    12. RocketeerRocketeer
    13. Wind
    14. RocketeerRocketeer
    15. PawnPawn
    16. TickTick
    17. Wind
    18. TickTick ×3
    19. Wind
    20. TickTick ×2
    21. Con turret
    22. TickTick
    23. Wind
    24. LazarusLazarus
    25. Wind
    26. LazarusLazarus ×2
    27. Advanced Metal ExtractorT2 mexdone 10:31 · typical 9:46
    28. TickTick
    29. Wind ×2
    30. TickTick
    31. Wind
    32. TickTick ×2
    33. Energy storage
    34. Wind
    35. TickTick ×2
    36. Advanced Metal ExtractorT2 mex
    37. Wind
    38. TickTick
    39. AnemoneAnemone
    40. TickTick
    41. Wind
    42. TickTick ×2
    43. Wind
    44. TickTick ×2
    45. BeamerBeamer
    46. Wind
    47. TickTick ×2
    48. LazarusLazarus
    49. Wind
    50. LazarusLazarus
    51. TickTick ×4
    52. Wind
    53. Advanced Metal ExtractorT2 mex
    54. TickTick ×2
    55. Dragon's TeethDragon's Teeth ×3
    56. Wind
    57. TickTick
    58. Dragon's TeethDragon's Teeth
    59. TickTick
    60. Dragon's TeethDragon's Teeth ×2
    61. Wind
    62. TickTick
    63. Dragon's TeethDragon's Teeth
    64. TickTick
    65. Wind
    66. TickTick ×2
    67. Con turret
    68. Wind
    69. LazarusLazarus
    70. Wind
    71. LazarusLazarus ×2
    72. Wind
    73. TickTick ×3
    74. BeamerBeamer
    75. Wind
    76. TickTick ×4
    77. Wind
    78. TickTick ×5
    79. Wind
    80. TickTick
    81. RattlesnakeRattlesnakenot finished by 15:00
    82. TickTick ×3
    83. Wind
    84. TickTick ×3
    85. Wind
    86. TickTick ×5
    87. Wind
    88. TickTick ×2
    89. Con turret ×2
    90. TickTick
    91. Wind
    92. TickTick ×2

Counts are medians over the build's games: half of them build more, half fewer. The example game is bob7's (31 OS, 10/10/2026); pick another.

Team trades

IN AT LEAST 30% OF ITS GAMES

You hand over

Nothing regular.

You get

  • Tidal Generator4 Tidal from Pondfirst at 0:10 · in 68% of games
  • Advanced Construction Bot1 T2 con bot from Geo or Techfirst at 7:41 · in 57% of games

How it plays out

Typical game of this build, running totals by minute

Metal produced

010k20k
0:005:0010:0015:00

metal

Enemy metal destroyed

05k10k
0:005:0010:0015:00

metal

Own metal lost

05k10k
0:005:0010:0015:00

metal

2381 games.

Show as table
ByMetal produced: This buildEnemy metal destroyed: This buildOwn metal lost: This build
1:0023000
2:0088700
3:002009184130
4:003110645502
5:00418513571001
6:00534921831713
7:00653930512597
8:00776039383502
9:00904546934382
10:001041853145176
11:001189258555965
12:001360364066686
13:001541268767439
14:001729875038212
15:001926981098997
WHAT THE NUMBERS SAY

Standard Suicide front play wins a bit over half its games while taking the heaviest own losses of any role by 15:00.

  • + Produces 20142 metal by 15:00, highest of the front roles.
  • + First kill by 2:01 in all games, fastest contest of middle.
  • − Own metal lost hits 9178 by 15:00, more than enemy metal destroyed.
  • − Only 34% Rocketeer share shows army spread thin across many bot types.
THE EXAMPLE YOU ARE READING

bob7

31.2 OS · 10/10/2026

Open source match ↗

5 received units · includes a constructor
114 metal received · 14699 energy received

Allied construction assistance is unknown. Timings are observations, not a promise of solo reproducibility.

Typical milestones

Bot Lab0:21Middle 50%: 0:20–0:33 · n=2373
Advanced Metal Extractor9:46Middle 50%: 8:50–10:58 · n=1721

Played most by

_X_262games of this buildPlatinumBlonde188games of this buildXad166games of this buildTrapCaT107games of this buildImmort80games of this build
Standard suicide front · Armada Suicide front build order · BAR Build Atlas